 Dungeon Crawl Stone Soup version 0.14-a0-2443-g5aee772 (webtiles) character file.

399 HollowCharge the Covered (level 6, 0/43 HPs)
             Began as a Formicid Fighter on Feb 5, 2014.
             Was an Initiate of Okawaru.
             Slain by an ogre
             ... wielding a +0,+0 giant club
              (5 damage)
             ... on Level 5 of the Dungeon.
             The game lasted 00:17:04 (4239 turns).

HollowCharge the Covered (Formicid Fighter)         Turns: 4239, Time: 00:17:05

HP   0/43        AC 14     Str 23      XL: 6   Next: 41%
MP   6/6         EV  3     Int  7      God: Okawaru [......]
Gold 180         SH 19     Dex 10      Spells:  0 memorised,  5 levels left

rFire  . . .     SeeInvis +     g - +1,+3 orc hammer (holy)
rCold  . . .     Clarity  .     o - +0 plate armour
rNeg   . . .     Conserve .     c - +0 shield
rPois  x         rCorr    .     (helmet unavailable)
rElec  .         rRot     .     n - +0 cloak
SustAb . .       Spirit   .     (no gloves)
rMut   .         Warding  .     (no boots)
Saprov . . .     Stasis   +     (no amulet)
MR     .....                    (no ring)
                                (no ring)

@: not resistant to hostile enchantments, extremely unstealthy
A: permanent stasis, dig shafts and tunnels, four strong arms, poison weakness,
antennae 3, exoskeleton 1
a: Dig, Shaft Self, Renounce Religion


You were on level 5 of the Dungeon.
You worshipped Okawaru.
Okawaru was noncommittal.
You were very hungry.

You visited 1 branch of the dungeon, and saw 4 of its levels.

You collected 180 gold pieces.

Inventory:

Hand weapons
 a - a +0,+1 hand axe
 g - a +1,+3 orcish hammer of holy wrath (weapon)
Armour
 c - a +0 shield (worn)
 n - a +0 cloak (worn)
 o - a +0 plate armour (worn)
Comestibles
 b - 2 pears
 d - 4 bread rations
 h - an orange
 i - 2 apples
 j - 2 meat rations
 k - an apricot
Scrolls
 f - a scroll of remove curse
 l - 2 scrolls of teleportation {unknown}
 p - a scroll of curse armour {unknown}
 q - a scroll of enchant weapon I {unknown}
 u - a scroll of enchant armour {unknown}
Jewellery
 e - a +4 ring of intelligence
Potions
 m - a potion of invisibility
 r - a potion of heal wounds
 s - a potion of mutation {unknown}
 t - a potion of porridge


   Skills:
 + Level 3.9 Fighting
 * Level 4.0 Axes
 + Level 4.5 Armour
 + Level 4.0 Shields


You had 5 spell levels left.
You didn't know any spells.

Dungeon Overview and Level Annotations

Branches:
Dungeon (5/16)             Temple (0/1) D:5

Altars:
Fedhas
Okawaru
Zin

Annotations:
D:2 Terence


Innate Abilities, Weirdness & Mutations

Your are under a permanent stasis effect.
You can dig through walls and to a lower floor.
Your four strong arms can wield any weapon, most with a shield.
You are susceptible to poison.
You have a pair of large antennae on your head (SInv).
Your body is surrounded by an exoskeleton. (AC +1)


Message History

There is an open door here.
An ogre comes into view. It is wielding a giant club.
The ogre shouts!
You thump the ogre!
The ogre is moderately wounded.
You block the ogre's attack.
You barely miss the ogre.
The ogre is moderately wounded.
You block the ogre's attack.
You hit the ogre.
The ogre is moderately wounded.
The ogre hits you with a giant club!
You thump the ogre!
The ogre is heavily wounded.
The ogre hits you with a giant club!
* * * LOW HITPOINT WARNING * * *
Your plate armour prevents you from hitting the ogre.
The ogre is heavily wounded.
The ogre hits you but does no damage. The ogre hits you with a giant club.
You die...

###+### #.....#
####.#+#.#
#..'.#>#.+ ######
#.##.###.# #....#
#.##.....# #....#
#.####+### #...O#
#.###..#
#...@####.....###
#..>....'.........
#....####.....###
#....# #.....#
#....# #.....#
#....# #######
....... ......
.....


You could see an ogre.

Vanquished Creatures
  Sigmund (D:3)
  Crazy Yiuf (D:3)
  An inept feature mimic (D:3)
  6 adders
  4 giant geckos
  10 goblins
  5 hobgoblins
  3 jackals (D:3)
  9 kobolds
  2 ball pythons
  8 bats
  5 giant newts
  6 rats
61 creatures vanquished.

Notes
Turn   | Place    | Note
--------------------------------------------------------------
     0 | D:1      | HollowCharge, the Formicid Fighter, began the quest for the Orb.
     0 | D:1      | Reached XP level 1. HP: 16/16 MP: 1/1
   361 | D:1      | Reached XP level 2. HP: 21/21 MP: 2/2
   496 | D:1      | Found an iron altar of Okawaru.
   511 | D:1      | Became a worshipper of Warmaster Okawaru
   937 | D:2      | Reached XP level 3. HP: 26/26 MP: 3/3
   943 | D:2      | Found a glowing silver altar of Zin.
  1367 | D:2      | Reached XP level 4. HP: 31/31 MP: 4/4
  1641 | D:2      | Noticed Terence
  2122 | D:2      | Reached skill level 4 in Armour
  2986 | D:3      | Reached XP level 5. HP: 36/36 MP: 5/5
  3137 | D:3      | Noticed Crazy Yiuf
  3153 | D:3      | Killed Crazy Yiuf
  3287 | D:3      | Found a blossoming altar of Fedhas.
  3338 | D:3      | Found a blossoming altar of Fedhas.
  3800 | D:3      | Noticed Sigmund
  3834 | D:3      | Killed Sigmund
  3834 | D:3      | Reached XP level 6. HP: 4/43 MP: 6/6
  4215 | D:3      | You fall through a shaft for 2 floors!
  4215 | D:5      | Entered Level 5 of the Dungeon
  4216 | D:5      | Found a staircase to the Ecumenical Temple.
  4233 | D:5      | Noticed an ogre
  4239 | D:5      | Slain by an ogre

Action                   |  1- 3 |  4- 6 || total
-------------------------+-------+-------++-------
Melee: Hand axe          |   109 |   117 ||   226
       Hammer            |       |    67 ||    67
 Abil: Dig               |       |     2 ||     2
       Shaft Self        |       |     1 ||     1
  Use: Scroll            |     4 |     8 ||    12
       Potion            |       |     4 ||     4
 Stab: Invisible         |       |     1 ||     1
